 Dungeon Crawl Stone Soup version 0.27.1-3-gb3d3a73c9e (webtiles) character file.

Game seed: 3780551706463734902

12274 bearlyready the Fighter (level 11, -2/123 HPs)
             Began as an Ogre Hunter on Oct 27, 2021.
             Was an Initiate of Gozag.
             Slain by a blink frog (17 damage)
             ... on level 1 of the Lair of Beasts.
             The game lasted 00:27:17 (20571 turns).

bearlyready the Fighter (Ogre Hunter)              Turns: 20571, Time: 00:27:18

Health: -2/123     AC:  1    Str: 21    XL:     11   Next: 90%
Magic:  11/11      EV: 14    Int: 12    God:    Gozag
Gold:   1346       SH:  0    Dex:  9    Spells: 10/10 levels left

rFire    + . .     SeeInvis +   B - +4 flail
rCold    + . .     Faith    .   (no shield)
rNeg     + . .     Spirit   .   b - +0 robe
rPois    +         Reflect  .   t - -2 hat of the Alchemist {rElec rPois rF+ rC+ rN+ Will+ rMut rCorr}
rElec    +         Harm     .   j - scarf {repulsion}
rCorr    +         Rampage  .   (gloves unavailable)
rMut     +                      (boots unavailable)
Will     ++...                  (no amulet)
Stlth    +.........             J - ring of see invisible
HPRegen  0.30/turn              u - +4 ring of evasion
MPRegen  0.12/turn

@: repel missiles
A: large, unfitting armour, tough skin 1
a: Renounce Religion, Potion Petition, Call Merchant, Bribe Branch


You were on level 1 of the Lair of Beasts.
You worshipped Gozag.
Gozag was most pleased with you.
You visited 3 branches of the dungeon, and saw 13 of its levels.

You collected 1426 gold pieces.
You paid 80 gold pieces to Gozag.

Inventory:

Hand Weapons
 a - a +0 short sword
 h - a +0 whip of venom
 v - a +2 flail of protection
 A - a +1 mace of protection
 B - a +4 flail (weapon)
 D - a +0 giant club
 O - a +4 mace
 T - a +0 morningstar
Missiles
 c - 12 large rocks
 g - 422 stones
 H - 5 javelins
 I - 11 boomerangs (quivered)
 N - 48 poisoned darts
 U - 8 atropa-tipped darts
Armour
 b - a +0 robe (worn)
 j - a scarf of repulsion (worn)
 t - the -2 hat of the Alchemist (worn) {rElec rPois rF+ rC+ rN+ Will+ rMut rCorr}
   (You found it on level 4 of the Dungeon)

   rF:        It protects you from fire.
   rC:        It protects you from cold.
   rElec:     It insulates you from electricity.
   rPois:     It protects you from poison.
   rN:        It protects you from negative energy.
   rCorr:     It protects you from acid and corrosion.
   rMut:      It protects you from mutation.
   Will:      It increases your willpower.
 G - a +0 robe of fire resistance
Jewellery
 k - a ring of positive energy
 u - a +4 ring of evasion (right hand)
 E - a ring of resist corrosion
 J - a ring of see invisible (left hand)
 V - a ring of protection from cold
Wands
 K - a wand of acid (5)
 R - a wand of digging (4)
Scrolls
 d - a scroll of identify
 i - 3 scrolls of teleportation
 l - a scroll of summoning {unknown}
 m - 3 scrolls of enchant weapon
 o - 4 scrolls of amnesia
 q - 3 scrolls of enchant armour {unknown}
 s - 3 scrolls of magic mapping {unknown}
 x - 4 scrolls of noise
 y - a scroll of immolation {unknown}
 C - a scroll of silence
 M - a scroll of torment
 P - a scroll of holy word
Potions
 e - a potion of might {unknown}
 f - 2 potions of lignification
 n - 2 potions of mutation {unknown}
 p - 2 potions of brilliance
 r - a potion of magic {unknown}
 w - 5 potions of degeneration
 z - a potion of flight {unknown}
 F - 6 potions of curing {unknown}
 L - a potion of attraction {unknown}
 Q - 2 potions of haste {unknown}


   Skills:
 + Level 12.1 Fighting
 + Level 10.3 Maces & Flails
 + Level 10.2 Throwing
 + Level 2.5 Dodging
 - Level 0.6 Stealth
 + Level 5.4 Evocations


You had 10 spell levels left.
You didn't know any spells.
Your spell library contained the following spells:

 Spells                   Type           Power      Damage    Failure   Level
 Magic Dart               Conj           0%         1d3       32%         1
 Call Imp                 Summ           0%         N/A       45%         2
 Static Discharge         Conj/Air       0%         N/A       45%         2
 Mephitic Cloud           Conj/Pois/Air  0%         N/A       69%         3
 Dispel Undead            Necr           0%         3d6       97%         4
 Sticky Flame             Conj/Fire      0%         2d3       97%         4
 Conjure Ball Lightning   Conj/Air       0%         3x3d6     100%        6
 Discord                  Hex            0%         N/A       100%        8
 Disjunction              Tloc           0%         N/A       100%        8


Dungeon Overview and Level Annotations

Branches:
Dungeon (11/15)            Temple (1/1) D:7            Lair (1/6) D:9
    Orc: D:9-12

Altars:
Ashenzari
Cheibriados
Dithmenos
Elyvilon
Fedhas
Gozag
Hepliaklqana
Kikubaaqudgha
Makhleb
Nemelex Xobeh
Okawaru
Qazlal
Ru
Sif Muna
Trog
Uskayaw
Vehumet
Wu Jian
Xom
Yredelemnul
Zin
The Shining One

Shops:
D:5 [

Annotations:
Lair:1 exclusion: 2 oklob plants


Innate Abilities, Weirdness & Mutations

You are too large for most types of armour.
You have tough skin. (AC +1)


Message History

The blink frog hits you!
Throw: 11 boomerangs
Press: ? - help, Q - select action, (/) - cycle Shift-Dir - straight line, f/p - blink frog
Aim: a blink frog (almost dead, 50% to hit)
You throw a boomerang.
The boomerang hits the blink frog but does no damage.
The blink frog is almost dead.
The blink frog misses you. x2
You closely miss the blink frog. The blink frog completely misses you.
You closely miss the blink frog.
The blink frog is almost dead.
The blink frog hits you!
The blink frog blinks!
The blink frog completely misses you.
The blink frog blinks! x2
You sock the blink frog!
The blink frog is moderately wounded.
The blink frog hits you!
You closely miss the blink frog.
The blink frog is moderately wounded.
The blink frog blinks!
A rime drake comes into view.
The blink frog hits you!
The rime drake hisses angrily.
The blink frog barely misses you.
The blink frog blinks!
The blink frog barely misses you.
The blink frog blinks!
The blink frog closely misses you.
The blink frog blinks!
The blink frog blinks!
The blink frog misses you.
The blink frog blinks!
The blink frog blinks!
The blink frog hits you.
The blink frog blinks!
The blink frog hits you.
The blink frog blinks!
The blink frog blinks!
The blink frog completely misses you. The blink frog misses you.
The blink frog hits you.
* * * LOW HITPOINT WARNING * * *
The blink frog hits you!!
* * * LOW HITPOINT WARNING * * *
The blink frog blinks!
There is a staircase back to the Dungeon, spattered with blood here.
The blink frog hits you!
You die...
Your body crumbles into a pile of gold.

.................................
.................................
####.###...#P#...#.#....P(.####..
#.#######..####..###...##+.####(.
.......##..####+P###...##......(+
#......##..P#P....#....##........
#......#...###....##...##........
.......##..###...F.....##.......#
#......#...##.≈.@§≈≈k..##P#.#.#$#
###.#####..##.≈≈F≈≈≈≈≈.#########.
#########....≈≈≈≈≈≈≈≈≈.....k$...$
.............≈≈≈≈≈≈≈≈≈...........
......>.....≈≈≈≈≈≈≈≈≈............
.............≈≈≈≈≈≈≈F............
..............≈≈≈≈.≈F............
######.#................#######..
# ######................# ##.


You could see 4 blink frogs and a rime drake.

Vanquished Creatures
  A hydra (Lair:1)
  A boulder beetle (D:9)
  A cyclops (D:9)
  The ghost of Whoops the Cudgeller, a novice GrFi (D:6)
  An unseen horror (D:10)
  2 komodo dragons
  A troll (D:9)
  2 hornets (D:9)
  A blink frog (Lair:1)
  A shadow (D:11)
  13 yaks
  A wyvern (D:7)
  A wraith (D:10)
  2 steam dragons
  A basilisk (Lair:1)
  An acid dragon (D:9)
  Edmund (D:5)
  3 water moccasins
  6 orc warriors
  A sky beast (D:5)
  2 black bears
  2 hornet zombies
  An ice beast (D:8)
  2 ogres
  2 necrophages (D:4)
  A phantom (D:6)
  4 centaurs
  8 bullfrogs
  2 kobold brigands (D:9)
  A wyvern skeleton (D:7)
  A water moccasin skeleton (D:5)
  8 killer bees
  13 wights (D:7)
  An electric eel (Lair:1)
  A howler monkey (D:4)
  A bullfrog zombie (D:6)
  6 centaur zombies
  3 hounds
  A jelly (D:6)
  A gnoll shaman (D:2)
  8 orc priests
  A bullfrog skeleton (D:7)
  3 iguanas
  14 orc wizards
  2 hound skeletons (D:5)
  2 howler monkey zombies
  8 gnolls
  A howler monkey skeleton (D:5)
  11 adders
  A river rat (D:6)
  4 white imps
  An ufetubus (D:7)
  2 dart slugs
  A worm (D:2)
  37 orcs
  7 bats
  9 endoplasms
  6 giant cockroaches
  7 goblins
  7 hobgoblins
  2 jackals (D:5)
  13 kobolds
  3 quokkas
  6 ball pythons
  4 frilled lizards
  7 rats
270 creatures vanquished.

Vanquished Creatures (others)
  14 fungi
  20 plants
34 creatures vanquished.

Grand Total: 304 creatures vanquished

Notes
Turn   | Place    | Note
-------+----------+-------------------------------------------
     0 | D:1      | bearlyready the Ogre Hunter began the quest for the Orb.
     0 | D:1      | Reached XP level 1. HP: 22/22 MP: 1/1
   133 | D:1      | Reached skill level 3 in Fighting
   136 | D:1      | Reached XP level 2. HP: 27/31 MP: 2/2
   475 | D:1      | Reached skill level 1 in Maces & Flails
   766 | D:2      | Reached XP level 3. HP: 28/37 MP: 3/3
  1661 | D:2      | Reached XP level 4. HP: 37/45 MP: 4/4
  2386 | D:2      | Reached XP level 5. HP: 37/53 MP: 5/5
  3109 | D:3      | Found a faded altar of an unknown god.
  3551 | D:2      | Reached XP level 6. HP: 26/61 MP: 6/6
  3895 | D:4      | Found the -2 hat of the Alchemist {rElec rPois rF+ rC+ rN+
                  | Will+ rMut rCorr}
  4025 | D:4      | Noticed a necrophage
  4036 | D:4      | Killed a necrophage
  4037 | D:4      | Reached skill level 5 in Maces & Flails
  4247 | D:4      | Noticed a necrophage
  4256 | D:4      | Killed a necrophage
  4453 | D:4      | Found a hide-covered altar of Uskayaw.
  4546 | D:4      | Reached XP level 7. HP: 67/67 MP: 7/7
  4960 | D:4      | Found a sacrificial altar of Ru.
  5131 | D:4      | Reached skill level 4 in Fighting
  5801 | D:5      | Entered Level 5 of the Dungeon
  6153 | D:5      | Noticed Edmund
  6185 | D:5      | Killed Edmund
  6186 | D:5      | Reached skill level 5 in Throwing
  6337 | D:5      | Reached skill level 5 in Fighting
  6465 | D:5      | Reached XP level 8. HP: 56/80 MP: 8/8
  7212 | D:5      | Found Roxiro's Armour Shoppe.
  7243 | D:5      | Found a glowing silver altar of Zin.
  7468 | D:5      | Reached skill level 6 in Fighting
  8511 | D:6      | Reached skill level 7 in Fighting
  8804 | D:6      | Found a runed translucent door.
  8843 | D:6      | Reached XP level 9. HP: 41/93 MP: 9/9
  9422 | D:6      | Found a runed translucent door.
  9424 | D:6      | Noticed Whoops's ghost (novice GrFi)
 10410 | D:6      | Reached skill level 8 in Fighting
 11526 | D:7      | Reached skill level 9 in Fighting
 12155 | D:7      | Reached skill level 1 in Evocations
 12377 | D:7      | Found a staircase to the Ecumenical Temple.
 12390 | Temple   | Entered the Ecumenical Temple
 12486 | Temple   | Became a worshipper of Gozag Ym Sagoz the Greedy
 12686 | D:7      | Found a stormy altar of Qazlal.
 12967 | D:8      | Reached XP level 10. HP: 72/107 MP: 10/10
 14789 | D:9      | Reached skill level 10 in Fighting
 15506 | D:9      | Noticed a cyclops
 15514 | D:9      | Killed a cyclops
 15620 | D:9      | Noticed a boulder beetle
 15636 | D:9      | Killed a boulder beetle
 15943 | D:9      | Found a staircase to the Lair.
 16069 | D:9      | Found a glowing golden altar of the Shining One.
 16109 | D:9      | Reached XP level 11. HP: 74/119 MP: 11/11
 16315 | D:9      | Reached skill level 11 in Fighting
 16935 | D:9      | Noticed a deep troll
 16938 | D:9      | a deep troll changed into a slime creature
 16968 | D:10     | Entered Level 10 of the Dungeon
 17376 | D:10     | Found a shimmering altar of Xom.
 17447 | D:10     | Found a broken altar of Ashenzari.
 17536 | D:10     | Reached skill level 10 in Maces & Flails
 19034 | D:6      | Killed Whoops's ghost
 19436 | Lair:1   | Entered Level 1 of the Lair of Beasts
 19462 | Lair:1   | Noticed a four-headed hydra
 19464 | Lair:1   | Killed a four-headed hydra
 19465 | Lair:1   | Reached skill level 10 in Throwing
 19465 | Lair:1   | Reached skill level 5 in Evocations
 19887 | Lair:1   | Noticed an oklob plant
 19887 | Lair:1   | Noticed an oklob plant
 20122 | Lair:1   | Reached skill level 12 in Fighting
 20571 | Lair:1   | Slain by a blink frog

Illustrated notes

Levels and vault maps discovered:
D:1:      kennysheep_arrival_seaside, layout_rooms, serial_glass,
          glass_columns_b, glass_columns_a
D:2:      minmay_recursive_quarters, layout_basic
D:3:      layout_basic, dilly_ecumenical_altar_fadedgnrine, serial_bayou_lake_a
D:4:      layout_cave_pods, nicolae_uskayaw_dance_hall,
          mainiacjoe_overflow_alcove_4, serial_co_window_serial,
          co_window_corner_a, co_window_paths_a, co_window_paths_a,
          co_window_cross_1, co_window_paths_b, co_window_of_opportunity_a,
          co_window_corner_a, co_window_of_opportunity_b, co_window_2corner,
          co_window_broadway_c, co_window_unsneaky_path_d, co_window_broadway_c,
          glass_columns_a
D:5:      layout_gridville, nicolae_overflow_crystal_walls, serial_shops, shop,
          corexii_checkpoint_a, minivault_24, minmay_misc_feat_rows,
          grunt_ministairs_14, uniq_edmund
D:6:      layout_loops_ring, ebering_ghost_sewer_f, hangedman_glass_teeth,
          kennysheep_small_circle
D:7:      layout_basic, nicolae_qazlal_style_of_elements,
          minmay_temple_entry_waves, st_stairs_12
D:8:      layout_loops_corners
D:9:      minmay_clustersquares, layout_rooms, nicolae_tso_carved_into_rock,
          grunt_lair_entry_orc_guard_hut
D:10:     layout_cave_pods, mainiacjoe_overflow_surrounded_room,
          ashenzari_conservatory_becter
D:11:     layout_irregular_city, hiddenorc1_lemuel,
          nicolae_trove_entry_free_sample, uniq_psyche, uniq_harold
Temple:   regret_index_temple_waves
Lair:1:   layout_regular_city, serial_bayou_shore_b, minmay_lair_oklob_chamber,
          lemuel_fruit_tree, lemuel_fruit_fields, lemuel_fruit_fields,
          infiniplex_staircase_pool

Skill      XL: |  1  2  3  4  5  6  7  8  9 10 11 |
---------------+----------------------------------+-----
Fighting       | 3 5 7 9 10 12 | 12.1
Maces & Flails | 1 2 3 4 6 7 8 9 10 | 10.3
Throwing       | 5 6 8 9 10 | 10.2
Evocations     | 1 3 5 |  5.4
Dodging        | 2 |  2.5
Stealth        | |  0.6

Action                   |  1- 3 |  4- 6 |  7- 9 | 10-12 || total
-------------------------+-------+-------+-------+-------++-------
Melee: Short sword       |    10 |       |       |       ||    10
       Whip              |    98 |   164 |   343 |       ||   605
       Flail             |       |       |   160 |   311 ||   471
Throw: Stone             |     2 |       |    21 |       ||    23
       Throwing net      |       |     1 |     4 |     9 ||    14
       Large rock        |       |     5 |     3 |    11 ||    19
       Boomerang         |       |       |     3 |    32 ||    35
       Dart              |       |       |     1 |    50 ||    51
       Javelin           |       |       |       |    13 ||    13
Evoke: Wand              |       |       |     1 |     5 ||     6
  Use: Scroll            |       |     3 |     8 |     4 ||    15
       Potion            |       |       |     3 |       ||     3
 Stab: Sleeping          |     1 |       |     1 |       ||     2
       Held in net/web   |       |       |       |     7 ||     7
       Distracted        |       |       |       |     1 ||     1
Armor: Robe              |    26 |    42 |    16 |     6 ||    90
       Skin              |       |       |    13 |       ||    13
Dodge: Dodged            |    53 |    82 |   242 |   203 ||   580
       Repelled          |       |       |     3 |     2 ||     5
